AoeStats
← iAlejandrouae

Arena

507038965Analyzed
4v4 RM · 16d ago on Sep 16, 2026· 37m 21s· 8 players
Game mode
Random Map
Map size
Large (8 player)
Population
200
Speed
Normal
Resources
Standard
Victory
Conquest
Starting age
Dark Age
Ending age
Imperial Age
RankedLock teamsTeams togetherTeam positionsShared explorationLock speedFull tech treeHidden civsTurbo modeCheats
Victory
Defeat
🇭🇰 Wei · Hong Kong SAR China
1798
+7
🇰🇿 Inca · Kazakhstan
1745
+9
🇨🇿 Aztecs · Czechia
1609
+14
🇲🇽 Sicilians · Mexico
1348
+23
🇧🇷 Koreans · Brazil
1612
-15
🇦🇷 Bulgarians · Argentina
1583
-14
🇨🇳 Spanish · China
1559
-13
🇨🇳 Slavs · China
1508
-11
iAlejandrouae
8:36 Feudal Age
7:24 Loom
9:58 Fletching
23:47 Castle Age
21:34 Double-Bit Axe
22:08 Horse Collar
24:23 Scale Mail Armor
24:52 Arson
26:04 Chain Mail Armor
27:35 Wheelbarrow
31:39 Bow Saw
32:15 Town Watch
34:27 Gold Mining
34:28 Stone Mining
38:53 Imperial Age
37:17 Heavy Plow
38:04 Gold Shaft Mining
Floripa
10:38 Feudal Age
11:18 Loom
14:21 Castle Age
12:19 Horse Collar
13:38 Double-Bit Axe
15:52 Bow Saw
25:46 Wheelbarrow
26:02 Gold Mining
27:07 Stone Mining
31:04 Imperial Age
29:27 Stone Shaft Mining
29:18 Fletching
29:52 Sanctity
29:36 Devotion
30:45 Gold Shaft Mining
30:32 Bodkin Arrow
32:23 Bracer
31:46 Elite War Wagon
32:47 Conscription
33:34 Two-Man Saw
32:34 Heavy Plow
34:48 Chemistry
34:09 Ballistics
34:00 Masonry
34:00 Elite War Wagon
岁月淹及
10:55 Feudal Age
14:56 Castle Age
13:31 Double-Bit Axe
13:33 Horse Collar
16:31 Bow Saw
18:10 Loom
22:27 Town Watch
25:53 Wheelbarrow
28:32 Gold Mining
33:33 Imperial Age
30:30 Light Cavalry
31:21 Bloodlines
31:11 Husbandry
31:56 Hand Cart
33:25 Husbandry
34:06 Gold Shaft Mining
33:23 Stone Mining
34:08 Scale Barding Armor
34:13 Forging
34:53 Chain Barding Armor
35:05 Devotion
35:53 Fortified Wall
35:12 Man-at-Arms
35:54 Scale Mail Armor
36:30 Iron Casting
36:36 Chain Mail Armor
36:46 Conscription
36:32 Druzhina
36:03 Long Swordsman
37:07 Heavy Plow
我是你巴巴
11:05 Feudal Age
12:48 Loom
16:32 Castle Age
14:57 Double-Bit Axe
15:24 Horse Collar
17:52 Bow Saw
18:14 Heavy Plow
24:24 Wheelbarrow
33:39 Imperial Age
32:26 Pikeman
33:13 Scale Mail Armor
33:24 Forging
33:10 Town Watch
33:40 Hand Cart
33:42 Squires
33:48 Halberdier
35:14 Chain Mail Armor
36:26 Chemistry
37:26 Plate Mail Armor
37:32 Iron Casting
RedKing
11:08 Feudal Age
12:42 Wheelbarrow
12:30 Double-Bit Axe
14:45 Scale Mail Armor
17:12 Loom
17:36 Fletching
17:52 Horse Collar
24:02 Castle Age
24:14 Gold Mining
24:53 Bodkin Arrow
26:43 Bow Saw
27:20 Wheelbarrow
28:06 Chain Mail Armor
28:32 Forging
29:11 Town Watch
33:33 Imperial Age
31:30 Heavy Plow
32:00 Hand Cart
33:48 Capped Ram
35:46 Bracer
37:46 Conscription
Franczesco
10:46 Feudal Age
14:19 Castle Age
12:44 Double-Bit Axe
13:05 Horse Collar
14:14 Gold Mining
17:21 Bow Saw
21:31 Wheelbarrow
23:47 Hand Cart
23:39 Stone Mining
24:27 Gold Shaft Mining
23:57 Loom
24:00 Town Watch
28:01 Imperial Age
26:23 Forging
26:31 Scale Mail Armor
26:33 Pikeman
27:13 Squires
26:59 Arson
26:49 Eagle Warrior
28:41 Chain Mail Armor
28:58 Elite Eagle Warrior
30:10 Plate Mail Armor
29:48 Heavy Plow
30:57 Iron Casting
30:36 Treadmill Crane
31:29 Garland Wars
33:17 Blast Furnace
33:23 Fletching
33:54 Ballistics
35:30 Bodkin Arrow
35:35 Padded Archer Armor
36:40 Chemistry
35:58 Atlatl
35:51 Elite Skirmisher
36:33 Bracer
37:43 Conscription
36:54 Sappers
36:44 Elite Jaguar Warrior
SHell | Denchik_Ne_Lohx
11:23 Feudal Age
15:03 Castle Age
12:58 Double-Bit Axe
12:54 Horse Collar
14:11 Loom
14:19 Gold Mining
16:24 Bow Saw
21:52 Wheelbarrow
22:07 Sanctity
23:01 Redemption
28:17 Heavy Plow
28:53 Town Watch
30:37 Gold Shaft Mining
29:56 Stone Mining
34:42 Imperial Age
32:54 Hand Cart
33:21 Stone Shaft Mining
33:08 Squires
32:53 Arson
33:10 Scale Mail Armor
33:21 Forging
32:49 Champi Runner
34:31 Chain Mail Armor
34:13 Champi Warrior
35:33 Iron Casting
36:09 Plate Mail Armor
36:07 Conscription
35:39 Capped Ram
35:49 Elite Champi Warrior
37:13 Pikeman
T
9:27 Feudal Age
9:53 Double-Bit Axe
9:49 Horse Collar
13:25 Wheelbarrow
15:17 Loom
17:51 Castle Age
16:13 Gold Mining
17:10 Bloodlines
17:13 Scale Barding Armor
17:48 Stone Mining
18:16 Bloodlines
18:49 Bow Saw
18:15 Light Cavalry
21:11 Heavy Plow
22:06 Husbandry
24:31 Gold Shaft Mining
26:21 Stone Shaft Mining
26:36 Town Watch
27:34 Forging
33:25 Imperial Age
31:14 Tuntian
31:51 Chain Barding Armor
32:30 Hand Cart
33:11 Iron Casting
33:35 Elite Tiger Cavalry
35:44 Blast Furnace
35:05 Conscription
35:54 Fletching
36:25 Ballistics
35:46 Treadmill Crane
36:17 Masonry
37:00 Crop Rotation
37:15 Bodkin Arrow
38:44 Chemistry
Connection lost

Rejoining the realm…

Still unreachable

The connection could not be restored.

Session expired

The server has moved on; the page needs a fresh start.